 Dungeon Crawl Stone Soup version 0.20-a0-738-gb057e68 (webtiles) character file.

179 JeffiDaFish the Shield-Bearer (level 5, 0/33 HPs)
             Began as a Gargoyle Fighter on Feb 23, 2017.
             Slain by Grinder (1 damage)
             ... while paralysed by Grinder
             ... on level 3 of the Dungeon.
             The game lasted 00:03:45 (2041 turns).

JeffiDaFish the Shield-Bearer (Gargoyle Fighter)    Turns: 2041, Time: 00:03:45

Health: 0/33       AC: 12    Str: 20    XL:     5   Next: 59%
Magic:  5/5        EV:  2    Int:  8    God:
Gold:   96         SH:  0    Dex: 10    Spells: 4/4 levels left

rFire    . . .     SeeInvis .   a - +1 flail
rCold    . . .     Gourm    .   b - +0 scale mail
rNeg     + . .     Faith    .   c - +0 shield
rPois    ∞         Spirit   .   m - +0 helmet
rElec    +         Reflect  .   (no cloak)
rCorr    .         Harm     .   (no gloves)
MR       .....                  (no boots)
Stlth    ..........             (no amulet)
Regen    0.2/turn               (no ring)
MPRegen  0.1/turn               (no ring)

@: paralysed
A: negative energy resistance 1, electricity resistance, unbreathing,
petrification resistance, rot immunity, AC +4
a: no special abilities


You were on level 3 of the Dungeon.
You were not hungry.

You visited 1 branch of the dungeon, and saw 3 of its levels.

You collected 96 gold pieces.

Inventory:

Hand Weapons
 a - a +1 flail (weapon)
Armour
 b - a +0 scale mail (worn)
 c - a +0 shield (worn)
 m - a +0 helmet (worn)
Scrolls
 e - 3 scrolls of identify
 h - a scroll of teleportation
Potions
 i - 2 potions of brilliance
 j - a potion of heal wounds
 n - a potion of flight
Comestibles
 f - 2 bread rations
 g - 2 fruits
 l - 2 royal jellies


   Skills:
 + Level 4.1 Fighting
 + Level 3.1 Maces & Flails
 + Level 4.1 Armour
 + Level 1.0 Dodging
 + Level 0.5 Stealth
 + Level 4.6 Shields


You had 4 spell levels left.
You didn't know any spells.

Dungeon Overview and Level Annotations

Branches:
Dungeon (3/15)

Altars:
Wu Jian

Annotations:
D:3 Grinder


Innate Abilities, Weirdness & Mutations

You are resistant to torment.
Your stone body is resilient. (AC +4)
You are immune to poison.
You resist negative energy. (rN+)
You are resistant to electric shocks. (rElec)
You can survive without breathing.
You are immune to petrification.
You are immune to rotting.


Message History

Grinder is severely wounded.
Grinder gestures at you.
You suddenly lose the ability to move!
Grinder hits you but does no damage.
You can move again.
You hit Grinder but do no damage.
Grinder is severely wounded.
Grinder hits you but does no damage.
You sock Grinder!
Grinder is almost dead.
You block Grinder's attack. Grinder gestures at you.
You suddenly lose the ability to move!
Grinder gestures at you. Pain shoots through your body!
* * * LOW HITPOINT WARNING * * *
Grinder hits you.
* * * LOW HITPOINT WARNING * * *
You writhe in agony.
You die...

... #### ##### ....
##...##...##....
##...............
#...%.$.........
#............#
#............##.#######
#....@5.....##........
##...##...#.##...<....
#######.............
#..............
#.#.........##
#..#........###.#
#...........<....#
...#.#.....(.....##
...?.#.........#....


You could see Grinder.

Vanquished Creatures
  Natasha (twice) (D:2)
  4 gnolls (D:2)
  3 adders (D:2)
  2 oozes (D:2)
  3 worms
  2 dart slugs (D:1)
  A leopard gecko (D:2)
  2 ball pythons (D:1)
  2 giant cockroaches (D:2)
  2 goblins (D:1)
  8 hobgoblins
  6 kobolds
  5 bats
  5 frilled lizards
  2 rats (D:1)
49 creatures vanquished.

Notes
Turn   | Place    | Note
-------+----------+-------------------------------------------
     0 | D:1      | JeffiDaFish the Gargoyle Fighter began the quest for the Orb.
     0 | D:1      | Reached XP level 1. HP: 14/14 MP: 1/1
    73 | D:1      | Reached XP level 2. HP: 10/19 MP: 2/2
   980 | D:2      | Reached XP level 3. HP: 17/24 MP: 3/3
  1086 | D:2      | Found an ornate altar of the Wu Jian Council.
  1258 | D:2      | Reached XP level 4. HP: 22/29 MP: 4/4
  1533 | D:2      | Noticed Natasha
  1539 | D:2      | Killed Natasha
  1539 | D:2      | Reached skill level 1 in Dodging
  1539 | D:2      | Reached XP level 5. HP: 33/33 MP: 5/5
  1797 | D:2      | Noticed Natasha
  1806 | D:2      | Killed Natasha
  2001 | D:3      | Noticed Grinder
  2011 | D:3      | Paralysed by Grinder for 6 turns
  2020 | D:3      | Paralysed by Grinder for 7 turns
  2036 | D:3      | Paralysed by Grinder for 2 turns
  2039 | D:3      | Paralysed by Grinder for 3 turns
  2041 | D:3      | HP: 1/33 [Grinder (6)]
  2041 | D:3      | Slain by Grinder

Vault maps used:
D:1:      onia_arrival_mini_maze, hangedman_decor_growths
D:2:      old_standard_altar, first_bread, kennysheep_decorative_pillar,
          eino_curves_04, uniq_natasha
D:3:      uniq_grinder

Skill      XL: |  1  2  3  4  5 |
---------------+----------------+-----
Fighting       | 4 |  4.1
Shields        | 4 |  4.6
Dodging        | 1 |  1.0
Maces & Flails | 3 |  3.1
Armour         | 4 |  4.1
Stealth        | |  0.5

Action                   |  1- 3 |  4- 6 || total
-------------------------+-------+-------++-------
Melee: Flail             |   121 |    68 ||   189
  Use: Scroll            |     8 |       ||     8
       Potion            |     5 |       ||     5
  Eat: Chunk             |     1 |     3 ||     4
Armor: Scale mail        |    75 |    48 ||   123
       Skin              |       |     1 ||     1
Dodge: Dodged            |    48 |    20 ||    68
Block: Shield            |    82 |    26 ||   108
